 Dungeon Crawl Stone Soup version 0.28-a0-723-g095bd1b44f (webtiles) character file.

Game seed: 8876707732458575960

92 meatgazer the Skirmisher (level 4, -1/36 HPs)
             Began as a Draconian Abyssal Knight on Oct 25, 2021.
             Was a Believer of Lugonu.
             Killed by divine providence
             ... invoked by an orc priest
              (13 damage)
             ... on level 3 of the Dungeon.
             The game lasted 00:03:55 (2136 turns).

meatgazer the Skirmisher (Draconian Abyssal Knight) Turns: 2136, Time: 00:03:56

Health: -1/36      AC:  7    Str: 22 (24) XL:     4   Next: 35%
Magic:  6/6        EV: 16    Int:  8 (10) God:    Lugonu [**....]
Gold:   99         SH:  0    Dex: 17 (18) Spells: 3/3 levels left

rFire   + . .      SeeInvis .   a - +1 spear
rCold   + . .      Faith    .   (no shield)
rNeg    . . .      Spirit   .   (armour unavailable)
rPois   .          Reflect  .   (helmet restricted)
rElec   .          Harm     .   e - scarf {rC+ rF+}
rCorr   .          Rampage  .   (no gloves)
Will    .....                   b - +1 pair of boots
Stlth   +++.......              (no amulet)
HPRegen 0.12/turn               g - ring of Xanut {*Slow Fly EV+4 Str+8 Stlth+}
MPRegen 0.10/turn               c - +6 ring of dexterity

@: flying
A: AC +5, unfitting armour, cold-blooded, hooves 1, frail 1
a: Renounce Religion, Depart the Abyss, Bend Space


You were on level 3 of the Dungeon.
You worshipped Lugonu.
Lugonu was pleased with you.
You visited 1 branch of the dungeon, and saw 3 of its levels.
You visited the Abyss 1 time.

You collected 99 gold pieces.

Inventory:

Hand Weapons
 a - a +1 spear (weapon)
Armour
 b - a +1 pair of boots (worn)
 e - a scarf of resistance (worn)
Jewellery
 c - a +6 ring of dexterity (right hand)
 f - a ring of magical power
 g - the ring of Xanut (left hand) {*Slow Fly EV+4 Str+8 Stlth+}
   (You found it on level 2 of the Abyss)

   [ring of evasion]

   EV:        It affects your evasion (+4).
   Str:       It affects your strength (+8).
   Fly:       It grants you flight.
   *Slow:     It may slow you when you take damage.
   Stlth:     It makes you more stealthy.
Scrolls
 d - a scroll of acquirement {unknown}
 j - a scroll of identify
 l - 3 scrolls of amnesia


   Skills:
 + Level 4.0 Fighting
 + Level 2.8 Polearms
 - Level 2.1 Dodging
 * Level 3.8 Invocations


You had 3 spell levels left.
You didn't know any spells.
Your spell library was empty.

Dungeon Overview and Level Annotations

Branches:
Dungeon (3/15)

Altars:
Xom
The Shining One


Innate Abilities, Weirdness & Mutations

Your plain brown scales are hard. (AC +5)
You cannot fit into any form of body armour.
You are cold-blooded and may be slowed by cold attacks.
You have large cloven feet.
You are frail. (-10% HP)


Message History

A bat comes into view.
The orc closely misses you.
You hit the orc.
The orc is severely wounded.
The orc priest calls down the wrath of Beogh upon you.
Beogh smites you!
* * * LOW HITPOINT WARNING * * *
The orc misses you.
You are too injured to fight recklessly!
The bat misses you. The orc misses you. The bat barely misses you.
The bat barely misses you.
The orc priest calls upon Beogh to heal the orc.
The orc is healed somewhat.
The bat closely misses you. The bat misses you.
You are too injured to fight recklessly!
You are too injured to fight recklessly!
You are too injured to fight recklessly!
The bat barely misses you. The bat misses you.
You hit the bat.
You kill the bat!
Lugonu accepts your kill.
You can now bend space around yourself.
You hit the orc.
You tail-slap the orc, but do no damage.
The orc is moderately wounded.
The orc closely misses you.
You hit the orc.
The orc is almost dead.
The orc hits you but does no damage.
You hit the orc but do no damage.
You tail-slap the orc, but do no damage.
The orc is almost dead.
The orc hits you but does no damage.
You hit the orc but do no damage.
The orc is almost dead.
The orc misses you.
The orc priest invokes the aid of Beogh against you.
Beogh smites you!
You die...

#######..######..#...........#
##..........)..........#
#..≈≈≈≈≈≈≈≈≈..........#
#..≈.......≈..........#
#..≈.≈≈≈≈≈.≈..........#
#..≈.≈.._≈.≈..........#
#..≈.≈.≈≈≈.≈..#########
#....≈.....≈o.#
#..≈≈≈≈≈≈@≈≈o.#
#..≈.....≈o..## #..≈.≈≈≈.≈.≈.#
#..≈.≈_..≈)≈.# ##.≈.≈≈≈≈≈.≈.#
#.≈.......≈.# #.≈≈≈≈≈≈≈≈≈.#
#..........!# ###.######.#


You could see an orc priest and 2 orcs.

Vanquished Creatures
  2 adders (D:2)
  A gnoll (D:1)
  2 worms (D:2)
  3 orcs (D:3)
  6 bats
  3 endoplasms
  2 giant cockroaches
  4 goblins (D:1)
  8 hobgoblins
  2 quokkas (D:2)
  8 ball pythons
  3 frilled lizards
  5 kobolds
  5 rats (D:1)
54 creatures vanquished.

Vanquished Creatures (others)
  A fungus (D:1)
  4 plants (D:1)
  2 starspawn tentacles (Abyss:2)
7 creatures vanquished.

Grand Total: 61 creatures vanquished

Notes
Turn   | Place    | Note
-------+----------+-------------------------------------------
     0 | Abyss:1  | meatgazer the Draconian Abyssal Knight began the quest for
                  | the Orb.
     0 | Abyss:1  | Reached XP level 1. HP: 19/19 MP: 2/2
    60 | Abyss:2  | Noticed a starcursed mass
    64 | Abyss:2  | Noticed a tentacled starspawn
    68 | Abyss:2  | Identified the ring of Xanut {*Slow Fly EV+4 Str+8 Stlth+}
    70 | D:1      | Escaped the Abyss
   241 | D:1      | Reached * piety under Lugonu
   243 | D:1      | Found a faded altar of an unknown god.
   265 | D:1      | Reached XP level 2. HP: 26/26 MP: 3/3
   452 | D:1      | Reached XP level 3. HP: 28/31 MP: 5/5
   784 | D:1      | Gained mutation: You are frail. (-10% HP) [potion of
                  | mutation]
   784 | D:1      | Gained mutation: You have large cloven feet. [potion of
                  | mutation]
  1390 | D:2      | Reached XP level 4. HP: 33/36 MP: 6/6
  2053 | D:3      | Reached skill level 4 in Fighting
  2063 | D:3      | Found a shimmering altar of Xom.
  2067 | D:3      | Found a glowing golden altar of the Shining One.
  2130 | D:3      | Reached ** piety under Lugonu
  2136 | D:3      | Killed from afar by an orc priest

Illustrated notes

Levels and vault maps discovered:
D:1:      dpeg_arrival_subterranean_lakeside_camping, layout_rooms,
          shapermc_ecumenical_altar_gd, serial_bayou_lake_a
D:2:      layout_basic, lightli_corner_chamber
D:3:      layout_basic, minmay_overflow_temple_star_hex,
          mainiacjoe_overflow_catwalk_spiral, serial_shops,
          nicolae_shop_statue_plus, hangedman_decor_riveting, minmay_hedge_maze,
          kennysheep_minor_cross

Skill      XL: |  1  2  3  4 |
---------------+-------------+-----
Invocations    | 3 |  3.8
Fighting       | 4 |  4.0
Polearms       | |  2.8
Dodging        | |  2.1

Action                   |  1- 3 |  4- 6 || total
-------------------------+-------+-------++-------
Melee: Spear             |   112 |    47 ||   159
       Tailslap          |    13 |     8 ||    21
Invok: Depart the Abyss  |     1 |       ||     1
  Use: Scroll            |     6 |     1 ||     7
       Potion            |     6 |       ||     6
 Stab: Sleeping          |    10 |     5 ||    15
       Invisible         |     1 |       ||     1
Armor: Skin              |    11 |     3 ||    14
Dodge: Dodged            |    40 |    32 ||    72

Table legend: (Time is in decaauts)
 A = Elapsed time spent in this place.
 B = Non-inter-level travel time spent in this place.
 C = Inter-level travel time spent in this place.
 D = Time resting spent in this place.
 E = Time spent auto-exploring this place.
 F = Levels seen in this place.
 G = Mean time per level.
                   A        B        C        D        E       F      G
               +--------+--------+--------+--------+--------+-----+--------+
         Total |   2116 |   2009 |    107 |    157 |   1440 |   5 |  423.2 |
       Dungeon |   2046 |   1939 |    107 |    157 |   1405 |   3 |  682.0 |
         Abyss |     69 |     69 |      0 |      0 |     35 |   2 |   34.5 |
               +--------+--------+--------+--------+--------+-----+--------+

Top non-repeatable levels by time:
     D:2: 1220 daAuts
     D:1: 729 daAuts
     D:3: 95 daAuts
 Abyss:2: 53 daAuts
 Abyss:1: 16 daAuts
